 Dungeon Crawl Stone Soup version 0.31-a0-152-g6aa68a64a1 (webtiles) character file.

Game seed: 630331244703259721

38495 Anon1729 the Fighter (level 13, -1/119 HPs)
             Began as a Minotaur Monk on June 9, 2023.
             Was a Follower of Uskayaw.
             Slain by a minotaur
             ... wielding the +7 flail "Foeriz" {heavy, rElec rPois Str-4}
              (31 damage)
             ... in a Gauntlet.
             The game lasted 00:13:43 (16721 turns).

Anon1729 the Fighter (Minotaur Monk)               Turns: 16721, Time: 00:13:43

Health: -1/119     AC: 16    Str: 18    XL:     13   Next: 64%
Magic:  19/19      EV: 27    Int:  7    God:    Uskayaw [*.....]
Gold:   1102       SH:  0    Dex: 24    Spells: 12/12 levels left

rFire   . . .        z - +9 long sword of Wu Jian, Forging {venom, rN+ Will- Stlth+}
rCold   + . .        d - orb {light}
rNeg    + . .        J - +0 steam dragon scales
rPois   .            (helmet restricted)
rElec   +            r - scarf {harm}
rCorr   .            u - +2 pair of gloves of Ru's Righteous Anger {rC+ Dex+2}
SInv    .            e - +0 pair of boots
Will    .....        b - amulet of the Shining One's Fury {rElec Regen+ Str+2 Dex+4}
Stlth   ++           s - +4 ring of protection
HPRegen 1.19/turn    k - +5 ring of evasion
MPRegen 0.16/turn

%: no teleportation, harm (+30% outgoing, +20% incoming)
@: glowing
A: horns 2, retaliatory headbutt
a: Renounce Religion, Stomp


You were in a Gauntlet.
You worshipped Uskayaw.
Uskayaw was aware of your devotion.
You visited 3 branches of the dungeon, and saw 16 of its levels.
You also visited: Gauntlet and Volcano.

You collected 1102 gold pieces.

Inventory:

Hand Weapons
 z - the +9 long sword of Wu Jian, Forging (weapon) {venom, rN+ Will- Stlth+}
   (You found it on level 5 of the Dungeon)

   rN:        It protects you from negative energy.
   Will:      It decreases your willpower.
   Stlth:     It makes you more stealthy.
 U - a +2 dagger of draining
Missiles
 C - a throwing net
 V - 3 curare-tipped darts
Armour
 d - an orb of light (worn)
 e - a +0 pair of boots (worn)
 r - a scarf of harm (worn)
 u - the +2 pair of gloves of Ru's Righteous Anger (worn) {rC+ Dex+2}
   (You found it on level 4 of the Dungeon)

   Dex:       It affects your dexterity (+2).
   rC:        It protects you from cold.
 J - +0 steam dragon scales (worn)
 Z - the +1 ring mail "Vannuzuts" {+Blink rElec rF+ Dex+4}
   (You found it on level 4 of the Lair of Beasts)

   Dex:       It affects your dexterity (+4).
   rF:        It protects you from fire.
   rElec:     It insulates you from electricity.
   +Blink:    It lets you blink.
Jewellery
 b - the amulet of the Shining One's Fury (around neck) {rElec Regen+ Str+2 Dex+4}
   (You found it in a Gauntlet)

   [amulet of regeneration]

   Str:       It affects your strength (+2).
   Dex:       It affects your dexterity (+4).
   rElec:     It insulates you from electricity.
   Regen:     It increases your rate of health regeneration.
 f - a ring of see invisible
 h - a ring of resist corrosion
 k - a +5 ring of evasion (right hand)
 l - a ring of magical power
 p - an amulet of the acrobat
 s - a +4 ring of protection (left hand)
 x - a ring of flight
 G - an amulet of reflection
 M - the ring of Cuessuwe {Wiz rElec rC+ MP+9 Dex-3}
   (You found it in a Gauntlet)

   [ring of wizardry]

   It improves your spell success rate.
   Dex:       It affects your dexterity (-3).
   rC:        It protects you from cold.
   rElec:     It insulates you from electricity.
   MP:        It affects your magic capacity (+9).
 O - a ring of positive energy
Wands
 B - a wand of paralysis (23)
 I - a wand of flame (7)
 K - a wand of iceblast (10)
 L - a wand of digging (18)
 P - a wand of light (5)
Scrolls
 j - 2 scrolls of magic mapping
 n - a scroll of enchant weapon
 q - 2 scrolls of fog
 t - 4 scrolls of fear
 w - 4 scrolls of teleportation
 y - 2 scrolls of amnesia
 A - 3 scrolls of brand weapon
 D - 2 scrolls of immolation
 H - 2 scrolls of blinking {unknown}
 Q - a scroll of butterflies {unknown}
 S - 3 scrolls of enchant armour
 T - a scroll of vulnerability {unknown}
 W - 2 scrolls of silence {unknown}
Potions
 a - a potion of berserk rage {unknown}
 c - a potion of ambrosia
 g - 2 potions of heal wounds {unknown}
 i - 3 potions of curing
 m - 3 potions of mutation {unknown}
 o - 2 potions of haste {unknown}
 v - a potion of degeneration {unknown}
 E - a potion of might {unknown}
 F - 2 potions of brilliance {unknown}
 N - a potion of enlightenment {unknown}
 X - 2 potions of attraction
 Y - 2 potions of invisibility {unknown}
Miscellaneous
 R - a phantom mirror


   Skills:
 + Level 12.5 Fighting
 + Level 11.5 Short Blades
 + Level 11.5 Armour
 + Level 11.5 Dodging
 + Level 8.6 Stealth
 + Level 9.7 Invocations


You had 12 spell levels left.
You didn't know any spells.
Your spell library contained the following spells:

 Spells                   Type           Power      Damage    Failure   Level
 Freeze                   Ice            0%         1d3       43%         1
 Shock                    Conj/Air       0%         1d3       43%         1
 Cigotuvi's Dreadful Rot  Necr/Pois/Air  0%         N/A       56%         2
 Call Canine Familiar     Summ           0%         N/A       80%         3
 Frozen Ramparts          Ice            0%         1d1       80%         3
 Hailstorm                Conj/Ice       0%         3d3       80%         3
 Inner Flame              Hex/Fire       0%         N/A       80%         3
 Ozocubu's Armour         Ice            0%         N/A       80%         3
 Portal Projectile        Hex/Tloc       0%         N/A       80%         3
 Swiftness                Air            0%         N/A       80%         3
 Tukima's Dance           Hex            0%         N/A       80%         3
 Airstrike                Air            0%         2d(0-16)  99%         4
 Dispel Undead            Necr           0%         3d6       99%         4
 Leda's Liquefaction      Hex/Erth       0%         N/A       99%         4
 Agony                    Necr           0%         N/A       100%        5
 Blade Hands              Tmut           0%         N/A       100%        5
 Fireball                 Conj/Fire      0%         3d3       100%        5
 Metabolic Englaciation   Hex/Ice        0%         N/A       100%        5
 Death Channel            Necr           0%         N/A       100%        6
 Simulacrum               Ice/Necr       0%         N/A       100%        6
 Ozocubu's Refrigeration  Ice            0%         4d7       100%        7


Dungeon Overview and Level Annotations

Branches:
Dungeon (11/15)            Temple (1/1) D:5            Lair (4/5) D:9
 Shoals (0/4) Lair:2        Snake (0/4) Lair:2        Slime (0/5) Lair:4
Volcano (visited)         Gauntlet (1/1)
    Orc: D:9-12

Altars:
Ashenzari
Cheibriados
Dithmenos
Elyvilon
Fedhas
Gozag
Hepliaklqana
Kikubaaqudgha
Makhleb
Nemelex Xobeh
Okawaru
Qazlal
Ru
Sif Muna
Trog
Uskayaw
Vehumet
Wu Jian
Xom
Yredelemnul
Zin
The Shining One
Jiyva

Shops:
D:9 [

Portals:
Trove: D:11 (give 7 potions of haste)

Annotations:
D:8 2 transporters, Tungsten's ghost, novice DgCj Gauntlet 8 transporters


Innate Abilities, Weirdness & Mutations

You have a pair of horns on your head.
You reflexively headbutt those who attack you in melee.


Message History

The minotaur gores you.
You are too injured to fight recklessly!
You are too injured to fight recklessly!
You are too injured to fight recklessly!
You are too injured to fight recklessly!
You are too injured to fight recklessly!
You are too injured to fight recklessly!
You are too injured to fight recklessly!
You are too injured to fight recklessly!
You are too injured to fight recklessly!
You are too injured to fight recklessly!
You are too injured to fight recklessly!
You hit the minotaur but do no damage.
The minotaur is lightly wounded.
The minotaur hits you with the +7 flail "Foeriz" {heavy, rElec rPois Str-4}!!
* * * LOW HITPOINT WARNING * * *
The minotaur gores you.
* * * LOW HITPOINT WARNING * * *
Okay, then.
Okay, then.
Unknown command.
Unknown command.
Okay, then.
Unknown command.
Press: ? - help, v - describe, . - travel, g - get item
Here: a minotaur, wielding the +7 flail "Foeriz" {heavy, rElec rPois Str-4}, wearing a +0 chain mail, wearing the ring "Qixysack" {EV+5 Str+5 Int+2} and quivering javelins (lightly wounded, very poisoned, haloed)
Items here: )))) // ? [[.
A gate leading back out of this place, spattered with blood.
Unknown command.
Unknown command.
Unknown command.
Okay, then.
As you read the scroll labelled ZEXIORIHUA, it crumbles to dust.
The creatures around you are filled with an inner flame!
It was a scroll of immolation.
Flame seeps out of the minotaur.
The minotaur is engulfed in blazing flames.
Flame seeps out of the minotaur.
It was a potion of curing.
You feel better.
The minotaur hits you with the +7 flail "Foeriz" {heavy, rElec rPois Str-4}!!
You die...

#...##≈..
####.♣.###..
#..#...##..♣
######.#.♣.#..PP
####......#...#.♣P.
#....##.#.#.©.#....
#.#####.#.#...#....
###⌠.⌠#.#.#.©.#....
#.@H○.#.#.....#..∩.
#.#⌠.⌠#.#.#.©.#....
#.#####.#.#...#....
#....##.#.#.©.#....
####....#.#...#.♣P.
######.#.♣.#..P.
..#...##..♣
###.♣.###.P
#...##≈..


You could see a minotaur (inner flame, poisoned).

Vanquished Creatures
  Nessos (Lair:4)
  A hydra (Lair:3)
  A dancing weapon (Volcano)
  A boulder beetle (Lair:3)
  Urug (Lair:3)
  Sonja (D:11)
  Nergalle (Lair:3)
  Amaemon (D:8)
  5 wizards (Volcano)
  2 harpies (Lair:2)
  A torpor snail (Lair:3)
  5 toenail golems (Volcano)
  A cyclops (D:11)
  An ice statue (D:9)
  4 black mambas
  An orange demon (D:8)
  3 cane toads
  A rime drake (Lair:3)
  5 komodo dragons
  A kobold demonologist (D:11)
  6 ice devils (D:9)
  A troll (D:11)
  Prince Ribbit (D:5)
  Grinder (D:5)
  A raiju (Gauntlet)
  27 blink frogs
  A slime creature (Lair:4)
  A shadow (D:11)
  2 basilisks (Lair:1)
  2 wraiths
  2 wyverns
  A vampire (D:9)
  Grum (D:11)
  50 yaks
  4 vampire mosquitoes (D:10)
  5 swamp worms (Gauntlet)
  2 steam dragons (D:8)
  2 acid dragons
  Menkaure (D:5)
  7 water moccasins
  5 orc warriors
  A sky beast (D:8)
  2 ice beasts
  6 black bears
  3 ogres
  14 wolves
  3 centaurs
  8 bullfrogs
  2 gnoll sergeants
  2 scorpions (D:5)
  8 wights
  8 killer bees
  2 howler monkeys
  3 jellies (Lair:4)
  5 orc priests
  A gnoll bouda (D:7)
  4 hounds
  Jessica (D:3)
  6 iguanas
  8 orc wizards
  3 sleepcaps (D:5)
  A lightning spire (Gauntlet)
  Robin (D:2)
  13 gnolls
  8 adders
  2 white imps
  9 ufetubi
  A worm (D:3)
  3 dart slugs
  19 orcs
  5 ball pythons
  4 endoplasms
  A giant cockroach (D:2)
  8 goblins
  6 hobgoblins
  3 jackals (D:4)
  2 quokkas (D:2)
  5 bats
  2 frilled lizards
  6 kobolds
  3 rats
353 creatures vanquished.

Notes
Turn   | Place    | Note
-------+----------+-------------------------------------------
     0 | D:1      | Anon1729 the Minotaur Monk began the quest for the Orb.
     0 | D:1      | Reached XP level 1. HP: 19/19 MP: 0/0
    95 | D:2      | Reached XP level 2. HP: 23/27 MP: 1/1
   100 | D:2      | Reached skill level 4 in Fighting
   237 | D:2      | Noticed Robin
   238 | D:2      | Reached XP level 3. HP: 31/33 MP: 2/2
   243 | D:2      | Killed Robin
   546 | D:3      | Found a sparkling altar of Nemelex Xobeh.
   572 | D:3      | Reached skill level 1 in Invocations
   586 | D:3      | Reached XP level 4. HP: 41/41 MP: 2/3
   795 | D:3      | Noticed Jessica
   800 | D:3      | Killed Jessica
   911 | D:3      | Found a glowing golden altar of the Shining One.
   957 | D:3      | Found a white marble altar of Elyvilon.
  1610 | D:4      | Got the Discourse on the Roasted Damned
  1655 | D:4      | Identified the +2 pair of gloves of Ru's Righteous Anger
                  | {rC+ Dex+2}
  2780 | D:5      | Entered Level 5 of the Dungeon
  2780 | D:5      | Noticed a black bear
  2794 | D:5      | Reached XP level 5. HP: 33/47 MP: 5/5
  2798 | D:5      | Killed a black bear
  2799 | D:5      | Reached skill level 5 in Fighting
  2799 | D:5      | Reached skill level 1 in Armour
  2864 | D:5      | Noticed Grinder
  2870 | D:5      | Reached skill level 1 in Stealth
  2870 | D:5      | Reached XP level 6. HP: 53/56 MP: 6/6
  2885 | D:5      | Killed Grinder
  2914 | D:5      | Noticed an ice beast
  2920 | D:5      | Reached skill level 5 in Dodging
  2920 | D:5      | Reached XP level 7. HP: 47/61 MP: 8/8
  2937 | D:5      | Reached skill level 5 in Short Blades
  3116 | D:5      | Noticed Menkaure
  3117 | D:5      | Found a staircase to the Ecumenical Temple.
  3129 | D:5      | Killed Menkaure
  3135 | Temple   | Entered the Ecumenical Temple
  3421 | Temple   | Became a worshipper of Uskayaw the Reveller
  3421 | Temple   | Reached * piety under Uskayaw
  3526 | D:5      | Reached ** piety under Uskayaw
  3585 | D:5      | Noticed Prince Ribbit
  3593 | D:5      | Killed Prince Ribbit
  3593 | D:5      | Reached *** piety under Uskayaw
  3594 | D:5      | Reached skill level 6 in Fighting
  3663 | D:5      | Reached XP level 8. HP: 51/70 MP: 9/9
  3912 | D:5      | Identified the +9 long sword of Wu Jian, Forging {venom,
                  | rN+ Will- Stlth+}
  5137 | D:6      | Reached skill level 7 in Fighting
  5244 | D:6      | Found an ornate altar of the Wu Jian Council.
  5387 | D:6      | Reached skill level 5 in Armour
  5390 | D:6      | Reached XP level 9. HP: 73/79 MP: 11/11
  5854 | D:7      | Reached **** piety under Uskayaw
  6336 | D:7      | Identified the staff of fire "Qoanut" {rPois rF+ rC+}
  6394 | D:7      | Found a hazy altar of Hepliaklqana.
  6699 | D:7      | Reached skill level 5 in Invocations
  6884 | D:8      | Identified the +0 robe of the Farmer {rN++ Will-}
  6945 | D:8      | Reached skill level 8 in Fighting
  6948 | D:8      | Reached ***** piety under Uskayaw
  7155 | D:8      | Reached XP level 10. HP: 88/89 MP: 13/13
  7611 | D:8      | Noticed Tungsten's ghost (novice DgCj)
  7632 | D:8      | Found a transporter.
  7635 | D:8      | Found a transporter.
  7856 | D:8      | Noticed Amaemon
  7857 | D:8      | Noticed an orange demon
  7865 | D:8      | Killed Amaemon
  7866 | D:8      | Reached skill level 5 in Stealth
  7870 | D:8      | Killed an orange demon
  8040 | D:9      | Found a staircase to the Lair.
  8084 | D:9      | Noticed an ice statue
  8103 | D:9      | Reached skill level 9 in Fighting
  8291 | D:9      | Killed an ice statue
  8482 | D:9      | Reached XP level 11. HP: 89/97 MP: 15/15
  8563 | D:9      | Found Keuhum's Antique Armour Boutique.
  8890 | D:10     | Entered Level 10 of the Dungeon
  9895 | D:11     | Found a portal to a secret trove of treasure.
  9943 | D:11     | Noticed a soul eater
 10027 | D:11     | Reached skill level 10 in Fighting
 10204 | D:11     | Noticed Sonja
 10213 | D:11     | Killed Sonja
 10228 | D:11     | Found a shimmering blue altar of Sif Muna.
 10558 | D:11     | Noticed Grum
 10570 | D:11     | Killed Grum
 11144 | Lair:1   | Entered Level 1 of the Lair of Beasts
 11175 | Lair:1   | Found a dark tunnel.
 11228 | Volcano  | Entered a volcano
 11230 | Volcano  | Noticed a wizard
 11250 | Volcano  | Killed a wizard
 11263 | Volcano  | Noticed a wizard
 11271 | Volcano  | Killed a wizard
 11272 | Volcano  | Reached XP level 12. HP: 87/108 MP: 16/16
 11365 | Volcano  | Reached skill level 10 in Dodging
 11707 | Volcano  | Reached skill level 10 in Short Blades
 11709 | Volcano  | Reached skill level 11 in Fighting
 12061 | Lair:1   | Reached skill level 10 in Armour
 13151 | Lair:2   | Found a staircase to the Snake Pit.
 13808 | Lair:2   | Found a staircase to the Shoals.
 13830 | Lair:2   | Reached ****** piety under Uskayaw
 14289 | Lair:3   | Reached XP level 13. HP: 117/117 MP: 18/18
 14475 | Lair:3   | Reached skill level 12 in Fighting
 14491 | Lair:3   | Noticed Nergalle
 14498 | Lair:3   | Killed Nergalle
 15543 | Lair:4   | Noticed Urug
 15547 | Lair:4   | Identified the +1 ring mail "Vannuzuts" {+Blink rElec rF+
                  | Dex+4}
 15631 | Lair:3   | Killed Urug
 15651 | Lair:4   | Found a staircase to the Slime Pits.
 15652 | Lair:4   | Found a viscous altar of Jiyva.
 15830 | Lair:4   | Noticed Nessos
 15840 | Lair:4   | Killed Nessos
 15915 | Lair:4   | Found a gate leading to a gauntlet.
 15930 | Gauntlet | Entered a Gauntlet
 15930 | Gauntlet | Found a transporter.
 16078 | Gauntlet | Found a transporter.
 16080 | Gauntlet | Found a transporter.
 16094 | Gauntlet | Found a transporter.
 16102 | Gauntlet | Found a transporter.
 16123 | Gauntlet | Found a transporter.
 16134 | Gauntlet | Found a transporter.
 16139 | Gauntlet | Noticed a blizzard demon
 16145 | Gauntlet | Found a transporter.
 16164 | Gauntlet | Found a transporter.
 16178 | Gauntlet | Found a transporter.
 16179 | Gauntlet | Found a transporter.
 16227 | Gauntlet | Found a transporter.
 16241 | Gauntlet | Found a transporter.
 16280 | Gauntlet | Found a transporter.
 16579 | Gauntlet | Identified the ring of Cuessuwe {Wiz rElec rC+ MP+9 Dex-3}
 16647 | Gauntlet | Identified the amulet of the Shining One's Fury {rElec
                  | Regen+ Str+2 Dex+4}
 16710 | Gauntlet | Identified the +7 flail "Foeriz" {heavy, rElec rPois Str-4}
 16710 | Gauntlet | Identified the ring "Qixysack" {EV+5 Str+5 Int+2}
 16710 | Gauntlet | Noticed a minotaur
 16721 | Gauntlet | Slain by a minotaur

Illustrated notes

Levels and vault maps discovered:
D:1:      heliophobic_arrival_glass_houses, layout_rooms, basic_ecumenical_altar
D:2:      layout_rooms, uniq_robin
D:3:      layout_loops_ring, mainiacjoe_overflow_catch_the_wave,
          mainiacjoe_overflow_boulevard, nicolae_figureground_pulse,
          uniq_jessica
D:4:      layout_layer_cave, corexii_leaking_fountain
D:5:      black_bear_nest_1, layout_loops_corners, temple_hall, hellmonk_no_cap,
          uniq_menkaure, uniq_prince_ribbit1, uniq_grinder
D:6:      layout_gridville, kennysheep_mini_moat
D:7:      layout_basic, worldfamousw_hep_ancestral_shrine, serial_glass,
          glass_columns_a, glass_columns_b, glass_columns_b, glass_columns_a,
          minivault_25, dk_vineyard_3, bh_walls_and_bars
D:8:      layout_basic, gammafunk_ghost_hive, uniq_amaemon
D:9:      cheibrodos_frozen_isle, layout_cave_pools, serial_shops, shop
D:10:     layout_irregular_city, columned_hall_lemuel, nicolae_hexahallways
D:11:     layout_stronghold, enter_trove_2, nicolae_sif_muna_condensation,
          uniq_grum, uniq_sonja
Temple:   bh_familiar_temple
Lair:1:   layout_concentric_octagons, nicolae_volcano_entry_two_sided,
          grunt_megastairs_4
Lair:2:   layout_cave_pods, nicolae_shoals_entry_roost, dummy_snake_entry,
          chequers_serial_rivers_small_a
Lair:3:   layout_cave_pods, nzn_sisyphean_effort, uniq_nergalle
Lair:4:   layout_cave_pods, minmay_slime_entry_pillars, gauntlet_entry_generic,
          uniq_urug, uniq_nessos, uniq_snorg
Gauntlet: minmay_gauntlet_77_tree [minmay_gauntlet_arena_77_tiled_triplets,
          minmay_gauntlet_arena_77_checkered,
          minmay_gauntlet_arena_77_two_lines, minmay_gauntlet_arena_77_museum,
          minmay_gauntlet_arena_77_broken_ladder,
          minmay_gauntlet_arena_77_terracotta_army,
          minmay_gauntlet_arena_77_two_paths, dreamdust_gauntlet_exit_labyrinth]

Skill      XL: |  1  2  3  4  5  6  7  8  9 10 11 12 13 |
---------------+----------------------------------------+-----
Fighting       | 4 5 6 7 8 9 10 11 12 | 12.5
Dodging        | 4 5 6 7 8 9 10 11 | 11.5
Invocations    | 1 2 3 4 5 6 7 9 |  9.7
Short Blades   | 4 5 6 7 8 9 10 11 | 11.5
Armour         | 1 2 3 5 6 7 9 10 11 | 11.5
Stealth        | 1 2 3 4 5 6 7 8 |  8.6

Action                     |  1- 3 |  4- 6 |  7- 9 | 10-12 | 13-15 || total
---------------------------+-------+-------+-------+-------+-------++-------
  Melee: Short sword       |    51 |       |       |       |       ||    51
         Headbutt          |    16 |    31 |    56 |   101 |    40 ||   244
         Dagger            |    13 |    97 |    80 |       |       ||   190
         Long sword        |       |       |   131 |   375 |   132 ||   638
 Invoke: Grand Finale      |       |       |       |       |     1 ||     1
    Use: Scroll            |       |       |       |     9 |     2 ||    11
         Potion            |       |       |       |       |     1 ||     1
   Stab: Paralysed         |       |       |     6 |    43 |    14 ||    63
         Sleeping          |       |       |       |     5 |     1 ||     6
         Distracted        |       |       |       |     1 |     1 ||     2
 Armour: Robe              |    10 |    13 |    33 |     1 |       ||    57
         Steam dragon scal |       |       |       |    97 |    19 ||   116
  Dodge: Dodged            |    39 |    42 |   182 |   430 |   146 ||   839
  Block: Orb               |       |       |       |    52 |    35 ||    87

Table legend: (Time is in decaauts)
 A = Elapsed time spent in this place.
 B = Non-inter-level travel time spent in this place.
 C = Inter-level travel time spent in this place.
 D = Time resting spent in this place.
 E = Time spent auto-exploring this place.
 F = Levels seen in this place.
 G = Mean time per level.
                   A        B        C        D        E       F      G
               +--------+--------+--------+--------+--------+-----+--------+
         Total |  16689 |  15958 |    731 |   1578 |  12117 |  18 |  927.2 |
       Dungeon |  10792 |  10227 |    565 |    928 |   8068 |  11 |  981.1 |
        Temple |    303 |    259 |     44 |      0 |    248 |   1 |  303.0 |
          Lair |   4096 |   3974 |    122 |    303 |   3008 |   4 | 1024.0 |
       Volcano |    707 |    707 |      0 |    181 |    350 |   1 |  707.0 |
      Gauntlet |    788 |    788 |      0 |    166 |    443 |   1 |  788.0 |
               +--------+--------+--------+--------+--------+-----+--------+

Top non-repeatable levels by time:
     D:5: 1536 daAuts
  Lair:3: 1498 daAuts
     D:4: 1346 daAuts
     D:6: 1243 daAuts
    D:11: 1192 daAuts
  Lair:1: 1144 daAuts
  Lair:2: 1139 daAuts
     D:8: 1136 daAuts
    D:10: 1043 daAuts
     D:7: 974 daAuts
     D:9: 924 daAuts
     D:3: 915 daAuts
Gauntlet: 788 daAuts
 Volcano: 707 daAuts
     D:2: 428 daAuts
